 Dungeon Crawl Stone Soup version 0.25-a0-346-g140ab784a8 (webtiles) character file.

Game seed: 10333228540619853714, levelgen mode: classic

54 Borgoz the Skirmisher (level 3, -1/24 HPs)
             Began as a Gargoyle Fighter on Dec 31, 2019.
             Killed from afar by Natasha (4 damage)
             ... with a puff of flame
             ... on level 1 of the Dungeon.
             The game lasted 00:01:17 (905 turns).

Borgoz the Skirmisher (Gargoyle Fighter)             Turns: 905, Time: 00:01:18

Health: -1/24      AC: 10    Str: 20    XL:     3   Next: 91%
Magic:  0/3        EV:  7    Int:  8    God:
Gold:   26         SH:  9    Dex:  9    Spells: 2/2 levels left

rFire    . . .     SeeInvis .   a - +0 flail
rCold    . . .     Gourm    .   c - +0 shield
rNeg     + . .     Faith    .   b - +0 scale mail
rPois    ∞         Spirit   +   (no helmet)
rElec    +         Reflect  .   (no cloak)
rCorr    .         Harm     .   (no gloves)
MR       .....                  (no boots)
Stlth    ..........             l - amulet of guardian spirit
HPRegen  0.08/turn              (no ring)
MPRegen  0.08/turn              (no ring)

@: no status effects
A: negative energy resistance 1, electricity resistance, unbreathing,
petrification resistance, rot immunity, AC +3
a: no special abilities


You were on level 1 of the Dungeon.
You were not hungry.

You visited 1 branch of the dungeon, and saw 2 of its levels.

You collected 26 gold pieces.

Inventory:

Hand Weapons
 a - a +0 flail (weapon)
Armour
 b - a +0 scale mail (worn)
 c - a +0 shield (worn)
Jewellery
 l - an amulet of guardian spirit (around neck)
Scrolls
 e - 2 scrolls of noise {unknown}
 g - a scroll of enchant armour {unknown}
 h - 4 scrolls of remove curse {unknown}
 i - a scroll of immolation {unknown}
 j - 2 scrolls of identify {unknown}
 k - 2 scrolls of magic mapping {unknown}
Potions
 m - a potion of agility {unknown}
Comestibles
 d - 2 chunks of flesh
 f - 4 rations


   Skills:
 + Level 3.8 Fighting
 * Level 3.2 Maces & Flails
 + Level 3.8 Armour
 - Level 3.2 Shields


You had 2 spell levels left.
You didn't know any spells.
Your spell library was empty.

Dungeon Overview and Level Annotations

Branches:
Dungeon (2/15)

Altars:

Annotations:
D:1 Natasha


Innate Abilities, Weirdness & Mutations

You are resistant to torment.
Your stone body is resilient. (AC +3)
You are immune to poison.
You resist negative energy. (rN+)
You are resistant to electric shocks. (rElec)
You can survive without breathing.
You are immune to petrification.
You are immune to rotting.


Message History

You feel a little less mighty now. Natasha barely misses you.
You completely miss Natasha.
Natasha is heavily wounded.
Natasha claws you.
* * * LOW HITPOINT WARNING * * *
Your shield prevents you from hitting Natasha.
Natasha is heavily wounded.
You block Natasha's attack.
Natasha zaps a wand.
The puff of flame misses you.
Firing (i - inventory) No suitable missiles.
Press: ? - help, Shift-Dir - straight line, f - Natasha
Aim: Natasha, carrying a wand of flame (11) (heavily wounded)
Okay, then.
You hit Natasha.
Natasha is severely wounded.
Natasha closely misses you.
You hit Natasha.
Natasha is almost dead.
Natasha zaps a wand.
The puff of flame hits you.
You die...

#.# #.# #.# #...# #.# #.# #.#
#...# #.# #.#########.#
#...## #.#
#...........#####.....
#.##########............###
#..........#...............
###########.....#..##.###.###
#...........h...#..##........
#.#########.@...#.........###
#.# ##.#######.###### #.#
########....#....# #.#
#.........#.#.#### #.#
#.######..#...## #.###.###
##.÷.....# #.......#
#.)>)....# #####.#[#
#........# #.#.# #...#.[.##


You could see Natasha.

Vanquished Creatures
  Natasha (D:1)
  A giant cockroach (D:1)
  5 goblins (D:1)
  5 hobgoblins
  3 jackals (D:1)
  A kobold (D:1)
  5 bats (D:1)
  4 rats (D:1)
25 creatures vanquished.

Notes
Turn   | Place    | Note
-------+----------+-------------------------------------------
     0 | D:1      | Borgoz the Gargoyle Fighter began the quest for the Orb.
     0 | D:1      | Reached XP level 1. HP: 14/14 MP: 1/1
    99 | D:1      | Reached XP level 2. HP: 13/19 MP: 2/2
   827 | D:2      | Noticed Natasha
   834 | D:2      | Noticed a crimson imp
   841 | D:1      | Killed Natasha
   841 | D:1      | Reached XP level 3. HP: 12/24 MP: 1/3
   893 | D:1      | Noticed Natasha
   905 | D:1      | Killed from afar by Natasha

Levels and vault maps discovered:
D:1:      dpeg_arrival_chase, layout_loops_ring
D:2:      layout_rooms, grunt_temple_overflow_open, dancing_weapons_uskayaw,
          first_ration, uniq_natasha

Skill      XL: |  1  2 |
---------------+-------+-----
Maces & Flails | 3 |  3.2
Fighting       | |  3.8
Armour         | |  3.8
Shields        | |  3.2

Action                   || total
-------------------------++-------
Melee: Flail             ||    97
  Use: Potion            ||     1
Armor: Scale mail        ||   105
Dodge: Dodged            ||    46
Block: Shield            ||    71

Table legend:
 A = Non-vault XP
 B = Vault XP
 C = Vault XP percentage of total XP
 D = Non-vault monster count
 E = Vault monster count
 F = Vault count percentage of total count
                 A         B        C        D         E       F
            +---------+---------+-------+---------+---------+-------
      Total |      42 |      36 |  46.2 |      24 |       1 |   4.0
            +---------+---------+-------+---------+---------+-------
        D:1 |      40 |      36 |  47.4 |      23 |       1 |   4.2
        D:2 |       2 |       0 |   0.0 |       1 |       0 |   0.0
            +---------+---------+-------+---------+---------+-------
